 Dungeon Crawl Stone Soup version 0.20.1-1-g8b1a95d (webtiles) character file.

395 robertstho the Chopper (level 6, -9/85 HPs)
             Began as a Minotaur Berserker on Nov 6, 2017.
             Was a Priest of Trog.
             Mangled by Duvessa
             ... wielding a +0 short sword of electrocution
              (10 damage)
             ... on level 4 of the Dungeon.
             The game lasted 00:09:15 (2349 turns).

robertstho the Chopper (Minotaur Berserker)         Turns: 2349, Time: 00:09:15

Health: -9/85      AC:  6    Str: 30    XL:     6   Next: 52%
Magic:  5/5        EV: 13    Int:  4    God:    Trog [***...]
Gold:   176        SH:  0    Dex: 12    Spells: 5/5 levels left

rFire    . . .     SeeInvis .   a - +0 hand axe
rCold    . . .     Gourm    .   (no shield)
rNeg     . . .     Faith    .   u - +0 acid dragon scales
rPois    .         Spirit   .   x - +0 hat
rElec    .         Reflect  .   (no cloak)
rCorr    +         Harm     .   (no gloves)
MR       .....                  (no boots)
Stlth    ..........             (no amulet)
Regen    0.3/turn               n - +4 ring of strength
MPRegen  0.1/turn               (no ring)

@: berserking, very quick
A: retaliatory headbutt, horns 2
a: Berserk, Trog's Hand, Burn Spellbooks, Renounce Religion


You were on level 4 of the Dungeon.
You worshipped Trog.
Trog was most pleased with you.
You were very hungry.

You visited 1 branch of the dungeon, and saw 4 of its levels.

You collected 176 gold pieces.

Inventory:

Hand Weapons
 a - a +0 hand axe (weapon)
Missiles
 p - 27 bolts
Armour
 b - a +0 animal skin
 u - +0 acid dragon scales (worn)
 x - a +0 hat (worn)
Jewellery
 n - a +4 ring of strength (left hand)
Scrolls
 i - a scroll of teleportation
 j - a scroll of blinking {unknown}
 l - a scroll of amnesia {unknown}
 o - 2 scrolls of identify {unknown}
 t - 3 scrolls of remove curse {unknown}
 v - a scroll of enchant weapon {unknown}
 y - 2 scrolls of magic mapping {unknown}
 A - a scroll of fog {unknown}
Potions
 d - a potion of brilliance {unknown}
 e - a potion of agility {unknown}
 g - a potion of degeneration {unknown}
 h - 2 potions of mutation {unknown}
 k - a potion of might {unknown}
 q - a potion of heal wounds {unknown}
 r - a potion of lignification {unknown}
 w - a potion of resistance {unknown}
 z - 2 potions of flight {unknown}
Comestibles
 c - 4 bread rations
 f - 5 fruits
 m - 3 chunks of flesh
 s - a meat ration


   Skills:
 + Level 5.9 Fighting
 + Level 6.5 Axes
 + Level 3.4 Armour
 + Level 3.4 Dodging
 + Level 0.1 Stealth


You had 5 spell levels left.
You didn't know any spells.

Dungeon Overview and Level Annotations

Branches:
Dungeon (4/15)
 Temple: D:4-7

Altars:

Annotations:
D:4 Duvessa


Innate Abilities, Weirdness & Mutations

You reflexively headbutt those who attack you in melee.
You have a pair of horns on your head.


Message History

A red film seems to cover your vision as you go berserk!
You feel yourself moving faster!
You feel mighty!
You are feeling very hungry.
Duvessa barely misses you.
Duvessa hits you with a short sword of electrocution!
You are electrocuted!
* * * LOW HITPOINT WARNING * * *
You hit Duvessa. Your headbutt misses Duvessa.
Duvessa is moderately wounded.
Duvessa barely misses you. You furiously retaliate!
You headbutt Duvessa! You slash Duvessa! Your headbutt misses Duvessa.
Duvessa is severely wounded.
Duvessa hits you with a short sword of electrocution!
* * * LOW HITPOINT WARNING * * *
You closely miss Duvessa. Your headbutt misses Duvessa.
Duvessa is severely wounded.
Duvessa hits you with a short sword of electrocution.
* * * LOW HITPOINT WARNING * * *
You are electrocuted!
You die...

#...####### #........# #####
...#.###..####.####...#
#.........###.........######
#.##.####.#....####.........
#.#.##.# ##.######.
####.#.##.# ### #.
#........?# #. #.####@.###
## # ##..e.###
#.#.......#######
#.#..#..#.#.....#
.##.........#.....#
..............)...#
###....##..#.....#
#........#.....# ###
#.##.##.######## #..


You could see Duvessa (berserk).

Vanquished Creatures
  A necrophage (D:4)
  Dowan (D:4)
  2 orc wizards (D:3)
  An orc priest (D:3)
  4 gnolls (D:3)
  4 adders
  2 oozes (D:2)
  An adder skeleton (D:4)
  2 worms (D:2)
  2 dart slugs
  A leopard gecko (D:2)
  6 orcs (D:3)
  5 giant cockroaches
  11 goblins
  4 hobgoblins
  4 jackals
  4 kobolds
  2 quokkas (D:2)
  A ball python (D:1)
  9 bats
  6 frilled lizards
  A quokka skeleton (D:4)
  3 rats (D:2)
77 creatures vanquished.

Notes
Turn   | Place    | Note
-------+----------+-------------------------------------------
     0 | D:1      | robertstho the Minotaur Berserker began the quest for the Orb.
     0 | D:1      | Reached XP level 1. HP: 19/19 MP: 0/0
   283 | D:1      | Reached XP level 2. HP: 27/27 MP: 1/1
   601 | D:2      | Reached skill level 4 in Axes
   664 | D:2      | Reached XP level 3. HP: 22/33 MP: 2/2
   922 | D:2      | Reached ** piety under Trog
  1201 | D:2      | Reached XP level 4. HP: 41/41 MP: 3/3
  1401 | D:3      | Reached skill level 5 in Axes
  1410 | D:3      | Reached skill level 5 in Fighting
  1410 | D:3      | Reached XP level 5. HP: 39/48 MP: 4/4
  1707 | D:3      | Reached *** piety under Trog
  2242 | D:4      | Noticed a necrophage
  2250 | D:4      | Killed a necrophage
  2250 | D:4      | Reached skill level 6 in Axes
  2250 | D:4      | Reached XP level 6. HP: 53/57 MP: 5/5
  2287 | D:4      | Noticed Dowan
  2304 | D:4      | Killed Dowan
  2340 | D:4      | Noticed Duvessa
  2348 | D:4      | HP: 3/85 [Duvessa/short sword of electrocution (7)]
  2349 | D:4      | HP: 1/85 [Duvessa/short sword of electrocution (2)]
  2349 | D:4      | Mangled by Duvessa

Skill      XL: |  1  2  3  4  5 |
---------------+----------------+-----
Fighting       | 4 5 |  5.9
Axes           | 4 5 6 |  6.5
Dodging        | 3 |  3.4
Armour         | 3 |  3.4
Stealth        | |  0.1

Action                   |  1- 3 |  4- 6 || total
-------------------------+-------+-------++-------
Melee: Hand axe          |    64 |    93 ||   157
       Headbutt          |     7 |    16 ||    23
Invok: Berserk           |     1 |     4 ||     5
  Use: Scroll            |     1 |       ||     1
  Eat: Chunk             |     2 |     6 ||     8
Armor: Animal skin       |     6 |     1 ||     7
       Acid dragon scale |       |    27 ||    27
Dodge: Dodged            |    42 |    53 ||    95
